 Dungeon Sprint DCSS version 0.26-a0-835-g8259106e14 (webtiles) character file.

Game seed: 1928760617669463749

20717 rocky1 the Spry (level 12, -1/97 HPs)
             Began as a Merfolk Ice Elementalist on Nov 18, 2020.
             Was the Champion of Sif Muna.
             Slain by a merfolk
             ... wielding a +0 trident
              (12 damage)
             ... while paralysed by a floating eye
             ... in the Dungeon (Sprint VII: "The Pits").
             The game lasted 00:25:31 (4289 turns).

rocky1 the Spry (Merfolk Ice Elementalist)          Turns: 4289, Time: 00:25:32

Health: -1/97      AC: 17    Str:  8    XL:     12   Next: 82%
Magic:  19/28      EV:  2    Int: 18    God:    Sif Muna [******]
Gold:   33         SH:  0    Dex: 16    Spells: 17/35 levels left

rFire    . . .     SeeInvis +   r - +2 halberd (protect)
rCold    . . .     Faith    .   (shield currently unavailable)
rNeg     . . .     Spirit   .   a - +0 robe
rPois    .         Reflect  .   l - +1 hat
rElec    .         Harm     .   (no cloak)
rCorr    .         Rampage  .   s - +0 pair of gloves
MR       .....     NoTele   +   t - +0 pair of boots
Stlth    +++.......             (no amulet)
HPRegen  0.26/turn              m - +3 ring of protection
MPRegen  0.21/turn              A - ring of see invisible

@: paralysed, icy armour, frozen ramparts, studying Dodging
A: change form in water, swift swim, stealthy swim
a: Channel Magic, Forget Spell, Divine Exegesis, Renounce Religion


You were in the Dungeon.
You worshipped Sif Muna.
Sif Muna was exalted by your worship.
You visited 1 branch You collected 33 gold pieces.

Inventory:

Hand Weapons
 o - a +2 quarterstaff of protection
 r - a +2 halberd of protection (weapon)
Armour
 a - a +0 robe (worn)
 l - a +1 hat (worn)
 s - a +0 pair of gloves (worn)
 t - a +0 pair of boots (worn)
Jewellery
 m - a +3 ring of protection (left hand)
 p - a +3 ring of evasion
 A - a ring of see invisible (right hand)
 E - an uncursed ring of positive energy
Wands
 u - a wand of flame (19)
 D - a wand of polymorph (6)
Scrolls
 h - 3 scrolls of blinking
 i - 5 scrolls of remove curse
 j - 6 scrolls of amnesia
 k - a scroll of summoning
 y - 4 scrolls of fog
 B - 4 scrolls of identify
 C - 2 scrolls of enchant weapon
Potions
 b - 2 potions of invisibility
 c - 7 potions of curing
 d - 9 potions of heal wounds
 e - 4 potions of haste
 f - 4 potions of magic
 g - 2 potions of berserk rage
 n - a potion of cancellation {unknown}
 q - 2 potions of resistance
 v - a potion of brilliance
 w - 2 potions of mutation
 x - 2 potions of might
Books
 z - a manual of Dodging


   Skills:
 - Level 10.0 Fighting
 - Level 16.0 Polearms
 + Level 17.5 Dodging
 - Level 4.2 Stealth
 - Level 12.2 Spellcasting
 + Level 7.0 Conjurations
 + Level 6.4 Fire Magic
 + Level 13.2 Ice Magic
 + Level 6.9 Air Magic
 - Level 13.9 Invocations


You had 17 spell levels left.
You knew the following spells:

 Your Spells              Type           Power        Failure   Level
a - Freeze                Ice            ####         1%          1
b - Frozen Ramparts       Ice            ######       1%          3
c - Ozocubu's Armour      Ice            ######..     1%          3
d - Hailstorm             Conj/Ice       #####...     1%          4
e - Freezing Cloud        Conj/Ice/Air   #####.....   24%         6
f - Foxfire               Conj/Fire      ####         1%          1

Your spell library contained the following spells:

 Spells                   Type           Power        Failure   Level
 Shock                    Conj/Air       ####         1%          1
 Searing Ray              Conj           #####.       1%          2
 Swiftness                Air            #####...     1%          2
 Conjure Flame            Conj/Fire      #####...     1%          3
 Static Discharge         Conj/Air       #####...     1%          3
 Corpse Rot               Necr/Air       N/A          2%          2
 Poisonous Vapours        Pois/Air       ###...       2%          2
 Mephitic Cloud           Conj/Pois/Air  ####....     2%          3
 Dazzling Flash           Conj/Hex       ###...       4%          3
 Stone Arrow              Conj/Erth      ###...       4%          3
 Ice Form                 Ice/Tmut       ####....     4%          4
 Sticky Flame             Conj/Fire      #####...     4%          4
 Summon Ice Beast         Ice/Summ       ####....     4%          4
 Beastly Appendage        Tmut           ##....       6%          1
 Corona                   Hex            ##.....      6%          1
 Ignite Poison            Fire/Tmut/Pois ###.....     8%          3
 Passwall                 Tmut/Erth      ##......     10%         2
 Sublimation of Blood     Necr           ##........   10%         2
 Iskenderun's Battlesphe  Conj           #####...     10%         5
 Lightning Bolt           Conj/Air       #####.....   10%         5
 Fireball                 Conj/Fire      #####.....   11%         5
 Metabolic Englaciation   Hex/Ice        ####......   12%         5
 Fulminant Prism          Conj/Hex       ###.......   14%         4
 Iskenderun's Mystic Bla  Conj/Tloc      ###.....     14%         4
 Lesser Beckoning         Tloc           ##........   19%         3
 Portal Projectile        Hex/Tloc       ##....       19%         3
 Silence                  Hex/Air        ###.......   38%         5
 Conjure Ball Lightning   Conj/Air       #####.....   50%         6
 Starburst                Conj/Fire      #####.....   52%         6
 Animate Dead             Necr           ##........   54%         4
 Petrify                  Tmut/Erth      ##......     54%         4
 Blade Hands              Tmut           ##........   87%         5
 Excruciating Wounds      Necr           ##........   87%         5
 Orb of Destruction       Conj           #####.....   96%         7
 Death Channel            Necr           ##........   100%        6
 Dragon Form              Tmut           ##........   100%        7
 Malign Gateway           Summ/Tloc      ##........   100%        7
 Chain Lightning          Conj/Air       #####.....   100%        8
 Infestation              Necr           ##........   100%        8
 Lehudib's Crystal Spear  Conj/Erth      ###.......   100%        8
 Necromutation            Tmut/Necr      ##........   100%        8
 Death's Door             Necr           ##........   100%        9
 Fire Storm               Conj/Fire      #####.....   100%        9
 Tornado                  Air            #####.....   100%        9


Dungeon Overview and Level Annotations

Branches:
Dungeon (1/1)

Altars:
Ashenzari
Cheibriados
Dithmenos
Elyvilon
Fedhas
Gozag
Hepliaklqana
Kikubaaqudgha
Makhleb
Nemelex Xobeh
Okawaru
Qazlal
Ru
Sif Muna
Trog
Uskayaw
Vehumet
Wu Jian
Xom
Yredelemnul
Zin
The Shining One
Beogh
Jiyva
Lugonu


Message History

The wall freezes the merfolk!
The merfolk completely misses you.
The floating eye gazes piercingly through you!
You suddenly lose the ability to move!
The wall freezes the rakshasa.
The rakshasa blinks!
The earth elemental completely resists.
The wall freezes the earth elemental but do no damage.
The wall freezes the rakshasa.
A small abomination comes into view.
The wall freezes the merfolk!
The merfolk hits you but does no damage.
The wall freezes the rakshasa!
The earth elemental completely resists.
The wall freezes the earth elemental but do no damage.
The earth elemental hits you but does no damage.
The wall freezes the rakshasa.
The rakshasa hits you with a +0 long sword!
* * * LOW HITPOINT WARNING * * *
The injured rakshasa weaves a defensive illusion!
The floating eye's stare focuses on you.
The wall freezes the merfolk!
The merfolk hits you from afar with a +0 trident!
You die...

## ## #x .# #G )# #9 s# #p )#m
..#####E########## ########
...B.RR@†......... ______.#
......R........... ______.#
#########''#######
____...###########''##########
######'##................##..#
.')).'.##......#..#......##..#
######.##................''..#
........†................''.)####
###'#####......#..#......##......


You could see a death knight (reflects damage), a boulder beetle, 3 rakshasas, a
merfolk, an earth elemental, a redback, a gargoyle, a small abomination
(wandering) and a floating eye (charged).

Vanquished Creatures
  Gastronok (D)
  A nagaraja (D)
  A naga warrior (D)
  Erolcha (D)
  2 boulder beetles (D)
  A two-headed ogre (D)
  A naga sharpshooter (D)
  An orc high priest (D)
  2 spriggans (D)
  2 shadow wraiths (D)
  2 deep trolls (D)
  An unseen horror (D)
  Pikel (D)
  An orc knight (D)
  A flayed ghost (D)
  2 deep elf magi (D)
  A cyclops (D)
  A molten gargoyle (D)
  A smoke demon (D)
  A rime drake (D)
  A guardian mummy (D)
  An efreet (D)
  2 hellwings (D)
  A polar bear (D)
  A tyrant leech (D)
  4 dream sheep (D)
  2 hornets (D)
  3 blink frogs (D)
  A wraith (D)
  2 redbacks (D)
  A tarantella (D)
  A shadow (D)
  A water elemental (D)
  2 basilisks (D)
  Grum (D)
  3 nagas (D)
  A soldier ant (D)
  A warg (D)
  A hell hound (D)
  2 water moccasins (D)
  3 orc warriors (D)
  3 sky beasts (D)
  A black bear (D)
  4 wolves (D)
  3 lemures (D)
  A jelly (D)
  2 quasits (D)
  An iron imp (D)
  A gnoll shaman (D)
  An orc priest (D)
  An orc wizard (D)
  An iguana (D)
  2 adders (D)
  4 gnolls (D)
  A river rat (D)
  An ufetubus (D)
  An ooze (D)
  An adder skeleton (D)
  2 leopard geckos (D)
  3 orcs (D)
  A bat zombie (D)
  13 jackals (D)
  A ball python zombie (D)
  3 bats (D)
  A kobold (D)
113 creatures vanquished.

Vanquished Creatures (others)
  An adder simulacrum (D)
1 creature vanquished.

Grand Total: 114 creatures vanquished

Notes
Turn   | Place    | Note
-------+----------+-------------------------------------------
     0 | D        | rocky1 the Merfolk Ice Elementalist began the quest for the
                  | Orb.
     0 | D        | Reached XP level 1. HP: 13/13 MP: 3/3
    17 | D        | Reached skill level 4 in Dodging
    17 | D        | Reached skill level 5 in Ice Magic
    17 | D        | Reached XP level 2. HP: 19/19 MP: 0/5
    22 | D        | Found a bloodstained altar of Trog.
    22 | D        | Found a shimmering blue altar of Sif Muna.
    22 | D        | Found a viscous altar of Jiyva.
    22 | D        | Found a hazy altar of Hepliaklqana.
    22 | D        | Found an opulent altar of Gozag.
    45 | D        | Found a glowing golden altar of the Shining One.
    45 | D        | Found a glowing silver altar of Zin.
    45 | D        | Found a basalt altar of Yredelemnul.
    45 | D        | Found a shimmering altar of Xom.
    45 | D        | Found an ornate altar of the Wu Jian Council.
    45 | D        | Found a sacrificial altar of Ru.
    45 | D        | Found a stormy altar of Qazlal.
    45 | D        | Found an iron altar of Okawaru.
    45 | D        | Found a sparkling altar of Nemelex Xobeh.
    45 | D        | Found a burning altar of Makhleb.
    45 | D        | Found a blossoming altar of Fedhas.
    45 | D        | Found a white marble altar of Elyvilon.
    45 | D        | Found a shadowy altar of Dithmenos.
    45 | D        | Found a snail-covered altar of Cheibriados.
    48 | D        | Found a corrupted altar of Lugonu.
    48 | D        | Found a radiant altar of Vehumet.
    48 | D        | Found a roughly hewn altar of Beogh.
    49 | D        | Found an ancient bone altar of Kikubaaqudgha.
    49 | D        | Found a hide-covered altar of Uskayaw.
    49 | D        | Found a broken altar of Ashenzari.
    50 | D        | Became a worshipper of Sif Muna the Loreminder
    69 | D        | Reached skill level 1 in Polearms
    74 | D        | Reached skill level 1 in Invocations
   178 | D        | Reached * piety under Sif Muna
   183 | D        | Reached ** piety under Sif Muna
   221 | D        | Noticed a water moccasin
   229 | D        | Reached XP level 3. HP: 23/24 MP: 4/7
   237 | D        | Reached *** piety under Sif Muna
   242 | D        | HP: 1/24 [water moccasin (5)]
   245 | D        | Killed a water moccasin
   246 | D        | Reached skill level 5 in Polearms
   246 | D        | Reached skill level 6 in Dodging
   246 | D        | Reached XP level 4. HP: 20/30 MP: 0/10
   246 | D        | Reached XP level 5. HP: 23/35 MP: 0/11
   538 | D        | Learned a level 3 spell: Frozen Ramparts
   542 | D        | Learned a level 3 spell: Ozocubu's Armour
   547 | D        | Learned a level 4 spell: Hailstorm
   558 | D        | Reached **** piety under Sif Muna
   566 | D        | Reached skill level 7 in Dodging
   566 | D        | Reached skill level 5 in Spellcasting
   567 | D        | Reached skill level 5 in Invocations
   641 | D        | Reached XP level 6. HP: 41/41 MP: 7/14
   642 | D        | Reached ***** piety under Sif Muna
   654 | D        | Identified Sif Muna's Almanac of Quantum Battle Magic (Sif
                  | Muna gifted it to you in the Dungeon)
   654 | D        | Received a gift from Sif Muna
   664 | D        | Reached skill level 8 in Dodging
   824 | D        | Noticed a hornet
   828 | D        | Killed a hornet
   829 | D        | Reached skill level 9 in Dodging
   829 | D        | Reached XP level 7. HP: 46/46 MP: 9/16
   831 | D        | Noticed a deep elf mage
   833 | D        | Identified Sif Muna's Compendium of Black Arts and Attacks
                  | (Sif Muna gifted it to you in the Dungeon)
   833 | D        | Received a gift from Sif Muna
   836 | D        | Killed a deep elf mage
   837 | D        | Reached skill level 10 in Polearms
   837 | D        | Reached skill level 10 in Dodging
   837 | D        | Reached XP level 8. HP: 48/52 MP: 4/19
   928 | D        | Noticed Gastronok
   959 | D        | Killed Gastronok
   960 | D        | Reached skill level 12 in Dodging
   960 | D        | Reached skill level 10 in Invocations
   960 | D        | Reached XP level 9. HP: 40/57 MP: 13/22
   976 | D        | Found the +8 autumn katana {vorpal, Clar}
  1220 | D        | Learned a level 6 spell: Freezing Cloud
  1222 | D        | Learned a level 1 spell: Foxfire
  1229 | D        | Noticed a guardian mummy
  1229 | D        | Noticed a tyrant leech
  1269 | D        | Killed a guardian mummy
  1269 | D        | Identified Sif Muna's Compendium of Weightlessness (Sif
                  | Muna gifted it to you in the Dungeon)
  1269 | D        | Received a gift from Sif Muna
  1270 | D        | Reached skill level 1 in Conjurations
  1270 | D        | Reached skill level 1 in Air Magic
  1441 | D        | Killed a tyrant leech
  1442 | D        | Reached skill level 13 in Dodging
  1442 | D        | Reached skill level 1 in Fire Magic
  1511 | D        | Noticed a smoke demon
  1512 | D        | Reached XP level 10. HP: 64/64 MP: 23/23
  1515 | D        | Reached skill level 1 in Fighting
  1520 | D        | Killed a smoke demon
  1523 | D        | Noticed a deep troll
  1533 | D        | Identified Sif Muna's Papyrus of Shifting Orientation (Sif
                  | Muna gifted it to you in the Dungeon)
  1533 | D        | Received a gift from Sif Muna
  1535 | D        | Killed a deep troll
  1536 | D        | Reached skill level 10 in Spellcasting
  1609 | D        | Noticed Pikel
  1609 | D        | Noticed a boulder beetle
  1609 | D        | Noticed Erolcha
  1609 | D        | Noticed a cyclops
  1617 | D        | Killed Erolcha
  1623 | D        | Killed a shadow wraith
  1623 | D        | Reached ****** piety under Sif Muna
  1624 | D        | Reached skill level 14 in Dodging
  1636 | D        | Killed Pikel
  1637 | D        | Reached skill level 5 in Fighting
  1637 | D        | Reached XP level 11. HP: 79/79 MP: 3/25
  1637 | D        | Killed a cyclops
  1963 | D        | Killed a boulder beetle
  1964 | D        | Reached skill level 15 in Polearms
  2037 | D        | Reached skill level 5 in Conjurations
  2037 | D        | Reached skill level 5 in Air Magic
  2120 | D        | Noticed a deep troll
  2128 | D        | Identified Leyso's Disquisition on Vitriolic Transformation
                  | (Sif Muna gifted it to you in the Dungeon)
  2128 | D        | Received a gift from Sif Muna
  2131 | D        | Killed a deep troll
  2266 | D        | Noticed a nagaraja
  2453 | D        | Killed a nagaraja
  2454 | D        | Reached skill level 15 in Dodging
  2734 | D        | Noticed an orc high priest
  2734 | D        | Noticed a spriggan rider
  2745 | D        | Killed a spriggan rider
  2745 | D        | Identified Sif Muna's Tome of the Lethal Arsonist (Sif Muna
                  | gifted it to you in the Dungeon)
  2745 | D        | Received a gift from Sif Muna
  2769 | D        | Identified Sif Muna's Papyrus of Bewitchment (Sif Muna
                  | gifted it to you in the Dungeon)
  2769 | D        | Received a gift from Sif Muna
  2781 | D        | Killed an orc high priest
  2794 | D        | Reached skill level 16 in Dodging
  2797 | D        | Reached XP level 12. HP: 42/95 MP: 18/27
  3014 | D        | Identified Sif Muna's Compendium of Mutagenic Damage
                  | Dealing (Sif Muna gifted it to you in the Dungeon)
  3014 | D        | Received a gift from Sif Muna
  3275 | D        | Reached skill level 17 in Dodging
  3282 | D        | Identified Juffitau's Tome of Conjuration (Sif Muna gifted
                  | it to you in the Dungeon)
  3282 | D        | Received a gift from Sif Muna
  3283 | D        | Reached skill level 10 in Fighting
  3458 | D        | Noticed a boulder beetle
  3472 | D        | Killed a boulder beetle
  3473 | D        | Reached skill level 5 in Fire Magic
  3551 | D        | Noticed a naga warrior
  3551 | D        | Noticed a naga sharpshooter
  3566 | D        | Killed a naga sharpshooter
  3579 | D        | Killed a naga warrior
  3579 | D        | Received a gift from Sif Muna
  3965 | D        | Noticed a two-headed ogre
  3973 | D        | Killed a two-headed ogre
  4266 | D        | Noticed a boulder beetle
  4266 | D        | Noticed a rakshasa
  4267 | D        | Noticed Grum
  4269 | D        | Identified Sif Muna's Catalogue of Unstable Ice (Sif Muna
                  | gifted it to you in the Dungeon)
  4269 | D        | Received a gift from Sif Muna
  4274 | D        | Killed Grum
  4279 | D        | Noticed a death knight
  4287 | D        | Paralysed by a floating eye for 3 turns
  4289 | D        | Slain by a merfolk

Illustrated notes

Levels and vault maps discovered:
D:        pitsprint [storerooms_1, entrance_room_1, metal_vault_1, armoury_2,
          mini_pit_1, grid_room_1, main_hall_1, silver_pit, the_coven_1,
          the_vestibule_1, steel_vault_3, golden_pit, hallway_of_sentries,
          crystal_vault_2, iron_vault_3, final_vault]

Skill      XL: |  1  2  3  4  5  6  7  8  9 10 11 12 |
---------------+-------------------------------------+-----
Dodging        | 4 6 7 9 10 12 13 14 16 17 | 17.5
Ice Magic      | 5 6 7 8 9 11 12 13 | 13.2
Polearms       | 2 5 6 9 10 13 14 16 | 16.0
Spellcasting   | 3 4 5 6 7 9 10 11 12 | 12.2
Invocations    | 1 4 5 6 8 10 11 12 13 | 13.9
Conjurations   | 1 4 5 7 |  7.0
Air Magic      | 1 4 5 6 |  6.9
Fire Magic     | 1 3 4 6 |  6.4
Fighting       | 5 9 10 | 10.0
Stealth        | 4 |  4.2

Action                   |  1- 3 |  4- 6 |  7- 9 | 10-12 || total
-------------------------+-------+-------+-------+-------++-------
Melee: Trident           |    19 |    34 |    30 |       ||    83
       Halberd           |       |       |    27 |   223 ||   250
 Cast: Freeze            |    19 |       |       |       ||    19
       Frozen Ramparts   |       |     5 |     5 |    25 ||    35
       Ozocubu's Armour  |       |     3 |     4 |    16 ||    23
       Hailstorm         |       |       |       |    14 ||    14
  Use: Potion            |     1 |       |       |     7 ||     8
Armor: Robe              |     8 |     8 |     4 |    60 ||    80
Dodge: Dodged            |    35 |    39 |    16 |   195 ||   285

Table legend: (Time is in decaauts)
 A = Elapsed time spent in this place.
 B = Non-inter-level travel time spent in this place.
 C = Inter-level travel time spent in this place.
 D = Time resting spent in this place.
 E = Time spent auto-exploring this place.
 F = Levels seen in this place.
 G = Mean time per level.
                   A        B        C        D        E       F      G
               +--------+--------+--------+--------+--------+-----+--------+
         Total |   4226 |   4226 |      0 |   2855 |      0 |   1 | 4226.0 |
       Dungeon |   4226 |   4226 |      0 |   2855 |      0 |   1 | 4226.0 |
               +--------+--------+--------+--------+--------+-----+--------+

Top non-repeatable levels by time:
       D: 4226 daAuts
